 Dungeon Crawl Stone Soup version 0.29.0-4-gdea44cf6ec (webtiles) character file.

Game seed: 14355563927174550293

46 qw the Chopper (level 3, -2/21 HPs)
             Began as a Tengu Warper on Aug 28, 2022.
             Frozen to death by an endoplasm (3 damage)
             ... on level 2 of the Dungeon.
             The game lasted 00:00:06 (1216 turns).

qw the Chopper (Tengu Warper)                       Turns: 1216, Time: 00:00:07

Health: -2/21      AC:  3    Str: 13    XL:     3   Next: 68%
Magic:  7/7        EV: 12    Int: 13    God:
Gold:   23         SH:  0    Dex: 13    Spells: 6/6 levels left

rFire   . . .      SeeInvis .   Y - +0 hand axe
rCold   . . .      Faith    .   (no shield)
rNeg    . . .      Spirit   .   b - +0 leather armour
rPois   .          Reflect  .   (helmet restricted)
rElec   .          Harm     .   (no cloak)
rCorr   .          Rampage  .   (no gloves)
Will    .....                   (boots unavailable)
Stlth   +.........              (no amulet)
HPRegen 0.07/turn               (no ring)
MPRegen 0.10/turn               (no ring)

@: no status effects
A: beak, talons 3
a: no special abilities


You were on level 2 of the Dungeon.
You visited 1 branch of the dungeon, and saw 2 of its levels.

You collected 23 gold pieces.


Innate Abilities, Weirdness & Mutations

You have a beak for a mouth.
You have claws for feet.


   Skills:
 - Level 2.0 Fighting
 + Level 4.3 Axes
 - Level 1.0 Throwing
 - Level 1.1 Armour
 - Level 2.1 Dodging
 - Level 2.0 Spellcasting
 - Level 2.4 Translocations


You had 6 spell levels left.
You didn't know any spells.
Your spell library contained the following spells:

 Spells                   Type           Power      Damage    Failure   Level
 Blink                    Tloc           14%        N/A       19%         2
 Gell's Gravitas          Tloc           7%         N/A       36%         3
 Lesser Beckoning         Tloc           7%         N/A       36%         3
 Teleport Other           Tloc           7%         N/A       36%         3
 Manifold Assault         Tloc           7%         N/A       98%         5

Inventory:

Hand Weapons
 Y - a +0 hand axe (weapon)
Armour
 a - a +0 plate armour
 b - a +0 leather armour (worn)
Scrolls
 j - a scroll of identify
Potions
 c - a potion of degeneration {unknown}
 e - a potion of magic {unknown}
 f - a potion of haste
 g - a potion of brilliance {unknown}

Dungeon Overview and Level Annotations

Branches:
Dungeon (2/15)

Altars:

Shops:
D:1 *

Annotations:
D:2 Robin


Message History

Robin shouts!
The goblin shouts!
You hit the hobgoblin but do no damage. Robin throws the goblin at you!
The hobgoblin barely misses you. The goblin hits you but does no damage.
You hit the hobgoblin but do no damage.
You punch the hobgoblin, but do no damage.
You closely miss the goblin. The hobgoblin hits you. The goblin misses you.
You hit the goblin.
You kill the goblin!
You closely miss the goblin. You closely miss the hobgoblin.
The goblin hits you with a +0 club.
The hobgoblin hits you but does no damage.
You hit the goblin. You peck the goblin.
You kill the goblin!
You completely miss the goblin. You closely miss the hobgoblin.
You hit the goblin.
You kill the goblin!
Robin roars a battlecry!
The goblins go into a battle-frenzy!
The goblin hits you with a +0 club. The hobgoblin hits you.
You hear a shout!
You slash the hobgoblin!
You kill the hobgoblin!
You hit the goblin. x2
You kill the goblin!
The goblin barely misses you.
You barely miss the goblin. Your kick misses the goblin.
The goblin is moderately wounded.
You hit the hobgoblin but do no damage. You hit the goblin.
You hit the endoplasm. The hobgoblin misses you. The goblin barely misses you.
The endoplasm closely misses you. The goblin hits you with a +0 dagger.
You hit the goblin.
You kill the goblin!
You closely miss the hobgoblin. You hit the goblin. You hit the endoplasm.
The goblin hits you with a +0 club. The endoplasm freezes you.
You are frozen.
You die...

#.........
####.........
............
...((......
#....(.....
#..g.g.....
#.)Jg......
####..@g...... #.
#......)...... #.
+.............
###.#+##...#######+##
...........#
###........#
#<#........#
#%#........# #
#.#........#


You could see Robin, an endoplasm, 2 hobgoblins and a goblin (strong).

Vanquished Creatures
  An adder (D:2)
  4 ball pythons
  3 bats (D:1)
  9 endoplasms
  7 goblins
  2 hobgoblins
  2 quokkas
  2 frilled lizards
  3 rats
33 creatures vanquished.

Notes
Turn   | Place    | Note
-------+----------+-------------------------------------------
     0 | D:1      | qw the Tengu Warper began the quest for the Orb.
     0 | D:1      | Reached XP level 1. HP: 12/12 MP: 4/4
     0 | D:1      | 0 ||| qw: Version: 0.1-a-89-g26bdef1
     0 | D:1      | 0 ||| qw: Game counter: 2674
     0 | D:1      | 0 ||| qw: Always use a shield: true
     0 | D:1      | 0 ||| qw: God list: Okawaru
     0 | D:1      | 0 ||| qw: Allow faded altars: false
     0 | D:1      | 0 ||| qw: Do Orc after D:15 true
     0 | D:1      | 0 ||| qw: Do second Lair branch before Depths: true
     0 | D:1      | 0 ||| qw: Lair rune preference: random
     0 | D:1      | 0 ||| qw: Plans: Normal
     0 | D:1      | 0 ||| PLANNING D:1-11
    87 | D:1      | 87 ||| Stepping ~*~*~tactically~*~*~ (stealth).
    94 | D:1      | Reached XP level 2. HP: 17/17 MP: 6/6
   115 | D:1      | Reached skill level 3 in Axes
   479 | D:1      | Found Yffewysh's Assorted Antiques.
   483 | D:1      | 483 ||| SHOPLISTING glowing mace (144 gold, have 11).
   483 | D:1      | 483 ||| SHOPLISTING grey potion (21 gold, have 11).
   483 | D:1      | 483 ||| SHOPLISTING scroll labelled VICZAGGAYMIA (24 gold,
                  | have 11).
   483 | D:1      | 483 ||| SHOPLISTING whip (60 gold, have 11).
   876 | D:1      | 876 ||| READING scroll labelled RUGEDOL WALINI.
   877 | D:1      | 877 ||| READING scroll labelled AHAXOT FACAXZU.
   878 | D:1      | 878 ||| READING scroll labelled YNLOMI GEUWAAN.
   879 | D:1      | 879 ||| READING 2 scrolls labelled VICZAGGAYMIA.
   880 | D:1      | 880 ||| READING scroll labelled PYXZEOREET.
   881 | D:1      | 881 ||| DRINKING 2 pink potions.
   882 | D:1      | 882 ||| DROPPING scroll of blinking.
   916 | D:2      | Reached XP level 3. HP: 21/21 MP: 7/7
   918 | D:2      | Reached skill level 4 in Axes
   933 | D:2      | 933 ||| FLEEEEING.
   935 | D:2      | 935 ||| FLEEEEING.
   936 | D:2      | 936 ||| FLEEEEING.
   937 | D:2      | 937 ||| FLEEEEING.
   939 | D:2      | 939 ||| FLEEEEING.
   940 | D:2      | 940 ||| FLEEEEING.
   941 | D:2      | 941 ||| STAIRDANCE
  1050 | D:2      | 1050 ||| Stepping ~*~*~tactically~*~*~ (stealth).
  1054 | D:2      | 1054 ||| Stepping ~*~*~tactically~*~*~ (stealth).
  1208 | D:2      | Noticed Robin
  1215 | D:2      | HP: 3/21 [goblin/+0 dagger[Robin] (5)]
  1216 | D:2      | HP: 1/21 [goblin/+0 club[Robin] (2)]
  1216 | D:2      | Frozen to death by an endoplasm

Levels and vault maps discovered:
D:1:      heliophobic_arrival_ceremonial_halls, layout_basic, serial_shops,
          nicolae_shop_behind_doors, minmay_door_square
D:2:      layout_basic, hellmonk_ecumenical_altar_prayer_group, minivault_5,
          uniq_robin

Skill      XL: |  1  2  3 |
---------------+----------+-----
Axes           | 3 4 |  4.3
Fighting       | |  2.0
Throwing       | |  1.0
Armour         | |  1.1
Dodging        | |  2.1
Spellcasting   | |  2.0
Translocations | |  2.4

Action                   || total
-------------------------++-------
Melee: Hand axe          ||    47
       Peck              ||     5
       Kick              ||     6
       Punch             ||     1
Throw: Boomerang         ||     7
       Javelin           ||    10
  Use: Scroll            ||     5
       Potion            ||     1
Armor: Leather armour    ||     7
Dodge: Dodged            ||    26

Table legend:
 A = Non-vault XP
 B = Vault XP
 C = Vault XP percentage of total XP
 D = Non-vault monster count
 E = Vault monster count
 F = Vault count percentage of total count
                 A         B        C        D         E       F
            +---------+---------+-------+---------+---------+-------
      Total |      57 |      12 |  17.4 |      27 |       6 |  18.2
            +---------+---------+-------+---------+---------+-------
        D:1 |      33 |       0 |   0.0 |      19 |       0 |   0.0
        D:2 |      24 |      12 |  33.3 |       8 |       6 |  42.9
            +---------+---------+-------+---------+---------+-------
